 Dungeon Sprint DCSS version bcrawl-1.20 (webtiles) character file.

Game seed: 5298532695784885326

89 Freyura the Cudgeler (level 4, -1/30 HPs)
             Began as a Skeleton Fighter on Jan 20, 2020.
             Slain by an ooze (2 damage)
             ... in the Dungeon (Sprint IX: "|||||||||||||||||||||||||||||").
             The game lasted 00:00:44 (132 turns).

Freyura the Cudgeler (Skeleton Fighter)              Turns: 132, Time: 00:00:44

Health: -1/30      AC:  7    Str: 22    XL:     4   Next: 31%
Magic:  0/4        EV: 10    Int:  7    God:
Gold:   0          SH: 10    Dex:  9    Spells: 3/3 levels left

rFire    . . .     SeeInvis .   a - +0 flail
rCold    + . .     Gourm    .   c - +0 shield
rNeg     + + +     Faith    .   b - +0 scale mail
rPois    ∞         Spirit   +   (no helmet)
rElec    .         Reflect  .   (no cloak)
rCorr    .         Harm     .   (no gloves)
MR       .....     NoTele   +   (no boots)
Stlth    ..........             (no amulet)
HPRegen  0.10/turn              (no ring)
MPRegen  0.09/turn              (no ring)

@: no status effects
A: no food or potions, cold resistance 1, deterioration 1, negative energy
resistance 3, torment resistance, unbreathing, magic shield, sturdy frame 1,
spell healing
a: no special abilities


You were in the Dungeon.
You were not hungry.

You visited 1 branch

Inventory:

Hand Weapons
 a - a +0 flail (weapon)
Armour
 b - a +0 scale mail (worn)
 c - a +0 shield (worn)
Scrolls
 d - a scroll of blinking


   Skills:
 + Level 4.5 Fighting
 * Level 6.4 Maces & Flails
 + Level 5.0 Armour
 + Level 3.2 Dodging
 + Level 5.4 Shields


You had 3 spell levels left.
You didn't know any spells.
Your spell library was empty.

Dungeon Overview and Level Annotations

Branches:
Dungeon (1/1)

Altars:


Innate Abilities, Weirdness & Mutations

You do not eat or drink.
You are immune to poison.
Your flesh is cold resistant. (rC+)
Your body sometimes deteriorates upon taking damage.
You are immune to negative energy. (rN+++)
You are immune to unholy pain and torment.
You can survive without breathing.
When hurt, damage is shared between your health and your magic reserves.
Your movements are slightly less encumbered by armour. (ER -2)
Casting spells heals you.


Message History

You hit the hound but do no damage.
The hound is severely wounded.
The hound barely misses you.
You closely miss the hound.
The hound is severely wounded.
The hound barely misses you. You block the hound's attack.
You barely miss the hound.
The hound is severely wounded.
You block the hound's attack. The hound bites you.
* * * LOW HITPOINT WARNING * * *
You sock the hound!
You kill the hound!
You feel your intelligence returning.
Your Maces & Flails skill increases to level 6!
Your Armour skill increases to level 5!
Your Dodging skill increases to level 3!
You have reached level 4!
You feel clever. The ooze hits you.
You die... ▓▓▓▓▓▓▓▓▓▓▓▓▓▓▓▓▓▓ +....sJ@...)'...<▓ ▓▓▓▓▓▓▓▓▓▓▓▓▓▓▓▓▓▓

You could see a scorpion and an ooze.

Vanquished Creatures
  2 hounds (D)
  A worker ant (D)
  A dart slug (D)
  A kobold (D)
  A ball python (D)
  2 rats (D)
8 creatures vanquished.

Notes
Turn   | Place    | Note
-------+----------+-------------------------------------------
     0 | D        | Freyura the Skeleton Fighter began the quest for the Orb.
     0 | D        | Reached XP level 1. HP: 14/14 MP: 1/1
    10 | D        | Reached skill level 3 in Maces & Flails
    14 | D        | Reached skill level 1 in Dodging
   101 | D        | Noticed a scorpion
   101 | D        | Noticed a hound
   101 | D        | Noticed a worker ant
   101 | D        | Noticed a hound
   111 | D        | Killed a hound
   111 | D        | Reached skill level 5 in Maces & Flails
   111 | D        | Reached XP level 2. HP: 5/20 MP: 0/2
   111 | D        | Reached XP level 3. HP: 6/24 MP: 0/3
   116 | D        | Reached skill level 5 in Shields
   125 | D        | HP: 1/24 [hound (2)]
   131 | D        | HP: 1/24 [hound (1)]
   132 | D        | Reached skill level 6 in Maces & Flails
   132 | D        | Reached skill level 5 in Armour
   132 | D        | Reached XP level 4. HP: 1/30 MP: 1/4
   132 | D        | Slain by an ooze

Skill      XL: |  1  2  3 |
---------------+----------+-----
Maces & Flails | 5 6 |  6.4
Dodging        | 2 3 |  3.2
Shields        | 4 5 |  5.4
Armour         | 4 5 |  5.0
Fighting       | 4 |  4.5

Action                   |  1- 3 |  4- 6 || total
-------------------------+-------+-------++-------
Melee: Flail             |    42 |       ||    42
Armor: Scale mail        |    16 |       ||    16
Dodge: Dodged            |    19 |       ||    19
Block: Shield            |    17 |       ||    17
